 Dungeon Crawl Stone Soup version 0.29.1-1-gd02db6906a (webtiles) character file.

Game seed: 16675166724054416823

42851 melkoren the Fighter (level 13, 0/122 HPs)
             Began as a Minotaur Berserker on Sept 30, 2022.
             Was a High Priest of Trog.
             Slain by a hell hound (3 damage)
             ... while petrified by a catoblepas
             ... on level 5 of the Lair of Beasts.
             The game lasted 00:52:45 (19539 turns).

melkoren the Fighter (Minotaur Berserker)          Turns: 19539, Time: 00:52:45

Health: 0/122      AC: 24    Str: 22      XL:     13   Next: 87%
Magic:  12/12      EV:  2    Int:  4      God:    Trog [*****.]
Gold:   938        SH:  0    Dex: 13 (15) Spells: 12/12 levels left

rFire   + . .      SeeInvis .   k - +11 long sword "Jyogavagg" {vamp, rElec rC+ rCorr}
rCold   + + .      Faith    .   (no shield)
rNeg    + + +      Spirit   .   q - +3 plate armour
rPois   ∞          Reflect  +   (helmet restricted)
rElec   +          Harm     .   P - scarf {rC+ rF+}
rCorr   +          Rampage  .   (no gloves)
Will    +....                   d - +0 pair of boots
Stlth   ..........              G - amulet of reflection
HPRegen 0.30/turn               j - +4 ring of protection
MPRegen 0.13/turn               o - ring of willpower

@: petrified, on berserk cooldown, slowed
A: horns 2, retaliatory headbutt
a: Renounce Religion, Berserk, Trog's Hand, Brothers in Arms


You were on level 5 of the Lair of Beasts.
You worshipped Trog.
Trog was extremely pleased with you.
You visited 2 branches of the dungeon, and saw 13 of its levels.
You also visited: Sewer and Bailey.

You collected 938 gold pieces.

Inventory:

Hand Weapons
 a - a +1 hand axe
 k - the +11 long sword "Jyogavagg" (weapon) {vamp, rElec rC+ rCorr}
   (You found it on level 2 of the Dungeon)

   It occasionally heals its wielder for a portion of the damage dealt when it
   wounds a living foe.
   rC:        It protects you from cold.
   rElec:     It insulates you from electricity.
   rCorr:     It protects you from acid and corrosion.
 B - a +1 executioner's axe
 J - a +2 flail of protection
 K - a +6 vampiric battleaxe
Missiles
 D - 3 throwing nets (quivered)
Armour
 b - a +0 animal skin
 c - an orb of mayhem
 d - a +0 pair of boots (worn)
 h - a +0 chain mail
 q - a +3 plate armour (worn)
 t - a +2 buckler
 w - +2 acid dragon scales
 P - a scarf of resistance (worn)
Jewellery
 f - an amulet of the acrobat
 j - a +4 ring of protection (left hand)
 o - a ring of willpower (right hand)
 u - a ring of ice
 y - a ring of protection from cold
 G - an amulet of reflection (around neck)
 N - a ring of see invisible
 Q - a +6 ring of intelligence
 R - a ring of protection from cold
Wands
 e - a wand of mindburst (26)
 r - a wand of flame (38)
 H - a wand of paralysis (10)
 M - a wand of iceblast (5)
Scrolls
 g - 17 scrolls of identify
 i - 3 scrolls of blinking
 l - a scroll of teleportation
 n - 6 scrolls of butterflies
 x - 2 scrolls of vulnerability
 E - a scroll of poison
Potions
 m - 5 potions of lignification
 p - 6 potions of flight
 s - a potion of haste
 v - a potion of cancellation
 A - 3 potions of curing
 C - a potion of invisibility
 I - 2 potions of degeneration
 O - a potion of might


   Skills:
 + Level 13.3 Fighting
 - Level 10.3 Long Blades
 * Level 12.1 Axes
 + Level 13.1 Armour
 + Level 12.1 Dodging
 - Level 9.4 Shields
 + Level 4.2 Evocations


You had 12 spell levels left.
You didn't know any spells.
Your spell library was empty.

Dungeon Overview and Level Annotations

Branches:
Dungeon (8/15)             Temple (0/1) D:7            Lair (5/5) D:8
  Swamp (0/4) Lair:2       Spider (0/4) Lair:3        Slime (0/5) Lair:5
  Sewer (visited)          Bailey (visited)

Altars:
Elyvilon
Fedhas
Gozag
Makhleb
Qazlal
Zin

Shops:
D:5 *

Annotations:
D:8 2 transporters, exclusions: ice statue and oklob plant, nshep25's ghost, novice MiFi
Lair:5 1 runed translucent door, liarliar's ghost, journeyman FoFi


Innate Abilities, Weirdness & Mutations

You have a pair of horns on your head.
You reflexively headbutt those who attack you in melee.


Message History

The polar bear claws you but does no damage. x2
The black bear bites you but does no damage.
The black bear claws you but does no damage. x2
A polar bear comes into view.
The black bear bites you but does no damage.
The black bear claws you but does no damage.
The black bear claws you. The hell hound bites you!
* * * LOW HITPOINT WARNING * * *
The polar bear bites you.
* * * LOW HITPOINT WARNING * * *
The polar bear claws you but does no damage.
The polar bear barely misses you.
A hell hound comes into view.
The six-headed hydra bites the plant! x3; The six-headed hydra bites the plant. x2
The six-headed hydra bites the plant!
The warg bites you but does no damage.
The hell hound bites you but does no damage.
The polar bear growls angrily.
You hear an angry growl. x3
The hell hound bites you but does no damage.
The black bear bites you.
* * * LOW HITPOINT WARNING * * *
The black bear claws you but does no damage. x2
The polar bear bites you but does no damage.
The polar bear claws you but does no damage. x2
The polar bear bites you but does no damage.
The polar bear claws you but does no damage. x2
A black bear comes into view.
The black bear bites you but does no damage.
The black bear claws you but does no damage. x2
The black bear bites the plant.
The plant begins to die.
The black bear claws the plant. x2
The polar bear bites you but does no damage.
The polar bear claws you but does no damage. x2
The hell hound bites you but does no damage.
The warg bites you but does no damage.
The hell hound bites you but does no damage.
The six-headed hydra bites the plant!
The six-headed hydra bites the plant!!
The six-headed hydra bites the plant! x4
The plant is destroyed!
The hell hound bites the plant!
The hell hound bites you!
You die...

#... hh
#... h
#... ##.
.$.##D.
##.h..##
#..hhh.##
##hhhh(#
#.hh@hh#
#...hhh#.#
##.)hhP#
##.#h#.
##.#D## #
h . ..


You could see a six-headed hydra, a four-headed hydra, 7 polar bears, a warg, 4
hell hounds, 9 black bears and a wolf.

Vanquished Creatures
  Kirke (Lair:4)
  Snorg (Lair:4)
  Josephine (Lair:4)
  Fannar (Lair:3)
  A boulder beetle (Lair:3)
  2 catoblepae (Lair:3)
  4 hydras
  A two-headed ogre (D:8)
  6 death yaks (Lair:3)
  Urug (Lair:1)
  Nergalle (Lair:1)
  A bog body (Lair:2)
  A deep elf pyromancer (Bailey)
  An orc knight (Bailey)
  13 elephants
  2 slime creatures (Lair:4)
  4 black mambas
  3 manticores
  Joseph (D:8)
  4 torpor snails
  6 cane toads
  A rime drake (Lair:5)
  5 komodo dragons
  A polar bear (Lair:4)
  2 hornets (D:8)
  11 blink frogs
  The ghost of miserystealer the Insei, an amateur OpTm (D:5)
  40 yaks
  3 wyverns
  4 wraiths (Lair:4)
  7 hogs (Lair:4)
  4 basilisks
  A steam dragon (D:7)
  2 wargs (D:8)
  2 swamp worms (Lair:2)
  9 water moccasins
  A sky beast (D:7)
  6 orc warriors
  2 black bears
  9 wolves
  A centaur (D:8)
  2 phantoms
  4 kobold brigands
  11 bullfrogs
  A necrophage (D:4)
  A gnoll sergeant (D:6)
  9 scorpions
  3 electric eels
  2 jellies
  3 orc priests
  3 gnoll boudas
  2 hounds
  3 iguanas
  5 orc wizards
  17 gnolls
  4 adders
  2 white imps
  2 ufetubi (D:6)
  3 worms
  3 dart slugs
  29 orcs
  3 ball pythons
  5 endoplasms
  10 giant cockroaches
  12 goblins
  11 hobgoblins
  8 jackals
  13 kobolds
  8 quokkas
  7 bats
  A frilled lizard (D:2)
  9 rats
364 creatures vanquished.

Vanquished Creatures (collateral kills)
  A gnoll (D:4)
  An orc (D:5)
  An endoplasm (D:4)
  A goblin (D:4)
4 creatures vanquished.

Vanquished Creatures (others)
  A scorpion (Lair:3)
  An orc (D:5)
  9 fungi
  28 plants
39 creatures vanquished.

Grand Total: 407 creatures vanquished

Notes
Turn   | Place    | Note
-------+----------+-------------------------------------------
     0 | D:1      | melkoren the Minotaur Berserker began the quest for the
                  | Orb.
     0 | D:1      | Reached XP level 1. HP: 19/19 MP: 0/0
   229 | D:1      | Reached XP level 2. HP: 26/27 MP: 1/1
   952 | D:2      | Reached ** piety under Trog
   954 | D:2      | Reached XP level 3. HP: 11/33 MP: 2/2
  1175 | D:2      | Identified the +11 long sword "Jyogavagg" {vamp, rElec rC+
                  | rCorr}
  1646 | D:3      | Found a faded altar of an unknown god.
  1655 | D:3      | Identified the +0 robe of Generosity {Fly Str+4}
  1668 | D:3      | Reached skill level 1 in Long Blades
  1668 | D:3      | Reached XP level 4. HP: 34/40 MP: 3/3
  2121 | D:3      | Reached XP level 5. HP: 45/47 MP: 4/4
  2201 | D:3      | Found a white marble altar of Elyvilon.
  2502 | D:3      | Reached *** piety under Trog
  3067 | D:4      | Reached skill level 5 in Fighting
  3278 | D:4      | Reached XP level 6. HP: 53/56 MP: 5/5
  3453 | D:4      | Found a glowing silver altar of Zin.
  3673 | D:4      | Found a blossoming altar of Fedhas.
  3755 | D:4      | Found an opulent altar of Gozag.
  3809 | D:4      | Reached skill level 5 in Armour
  3809 | D:4      | Reached XP level 7. HP: 62/62 MP: 6/6
  3961 | D:5      | Entered Level 5 of the Dungeon
  4080 | D:5      | Reached skill level 5 in Dodging
  4196 | D:5      | Reached **** piety under Trog
  4256 | D:5      | Found Varool Lein's Assorted Antiques.
  4310 | D:5      | Found a large runed translucent door.
  4310 | D:5      | Found a large runed translucent door.
  4316 | D:5      | Noticed miserystealer's ghost (amateur OpTm)
  4509 | D:5      | Killed miserystealer's ghost
  4510 | D:5      | Reached skill level 5 in Long Blades
  4510 | D:5      | Reached XP level 8. HP: 71/71 MP: 7/7
  4593 | D:6      | Reached skill level 1 in Shields
  4922 | D:6      | Found a burning altar of Makhleb.
  5201 | D:6      | Found a glowing drain.
  5217 | Sewer    | Entered a sewer
  5308 | Sewer    | Found a glowing silver altar of Zin.
  5915 | D:7      | Reached XP level 9. HP: 79/79 MP: 8/8
  5933 | D:7      | Found a flagged portal.
  5992 | Bailey   | Entered a bailey
  6710 | Bailey   | Found a large runed translucent door.
  6710 | Bailey   | Found a large runed translucent door.
  6711 | Bailey   | Noticed a deep elf pyromancer
  6712 | Bailey   | Noticed an orc knight
  6734 | Bailey   | Killed an orc knight
  7181 | Bailey   | Killed a deep elf pyromancer
  7200 | Bailey   | Identified the +2 helmet of Cex Sila {rF+ Str+4}
  7511 | D:7      | Found a stormy altar of Qazlal.
  7581 | D:7      | Found a staircase to the Ecumenical Temple.
  7791 | D:8      | Found a staircase to the Lair.
  7811 | D:8      | Reached XP level 10. HP: 90/90 MP: 9/9
  7821 | D:8      | Reached skill level 5 in Shields
  8201 | D:8      | Noticed a manticore
  8207 | D:8      | Killed a manticore
  8649 | D:8      | Noticed Joseph
  8663 | D:8      | Killed Joseph
  8720 | D:8      | Found a transporter.
  8725 | D:8      | Noticed a two-headed ogre
  8726 | D:8      | Noticed nshep25's ghost (novice MiFi)
  8727 | D:8      | Noticed an ice statue
  8739 | D:8      | Found a transporter.
  8740 | D:8      | Noticed an oklob plant
  9010 | D:8      | Paralysed by a hornet for 3 turns
  9015 | D:8      | Reached skill level 10 in Long Blades
 10033 | D:8      | Noticed a two-headed ogre
 10043 | D:8      | Killed a two-headed ogre
 10527 | Lair:1   | Entered Level 1 of the Lair of Beasts
 10854 | Lair:1   | Noticed Nergalle
 10874 | Lair:1   | Killed Nergalle
 10917 | Lair:1   | Reached XP level 11. HP: 99/99 MP: 10/10
 10998 | Lair:1   | Noticed Urug
 11011 | Lair:1   | Killed Urug
 11012 | Lair:1   | Reached skill level 10 in Fighting
 11373 | Lair:2   | Reached skill level 10 in Armour
 11433 | Lair:2   | Reached ***** piety under Trog
 11434 | Lair:2   | Reached skill level 5 in Axes
 11600 | Lair:2   | Noticed a bog body
 11614 | Lair:2   | Killed a bog body
 11864 | Lair:2   | Found a staircase to the Swamp.
 12299 | Lair:3   | Noticed a catoblepas
 12299 | Lair:3   | Noticed a catoblepas
 12995 | Lair:3   | Reached XP level 12. HP: 110/110 MP: 11/11
 13000 | Lair:3   | Reached skill level 10 in Dodging
 13437 | Lair:3   | Found a hole to the Spider Nest.
 13565 | Lair:3   | Noticed an eight-headed hydra
 13580 | Lair:3   | Killed an eight-headed hydra
 13626 | Lair:3   | Killed a catoblepas
 14097 | Lair:3   | Noticed Fannar
 14120 | Lair:3   | Killed Fannar
 14483 | Lair:3   | Noticed a death yak
 14484 | Lair:3   | Noticed a death yak
 14484 | Lair:3   | Noticed a death yak
 14484 | Lair:3   | Noticed a death yak
 14507 | Lair:3   | Reached skill level 1 in Evocations
 14667 | Lair:3   | Noticed an eight-headed hydra
 14676 | Lair:3   | Noticed a four-headed hydra
 14680 | Lair:3   | Killed an eight-headed hydra
 14687 | Lair:3   | Killed a four-headed hydra
 14878 | Lair:3   | Killed a catoblepas
 15125 | Lair:3   | Killed a death yak
 15132 | Lair:3   | Killed a death yak
 15142 | Lair:3   | Killed a death yak
 15143 | Lair:3   | Reached XP level 13. HP: 90/119 MP: 12/12
 15158 | Lair:3   | Reached skill level 10 in Axes
 16270 | Lair:4   | Identified the +1 robe of Xaomoseb {*Corrode rF+ Str+7}
 16272 | Lair:4   | Noticed Josephine
 16282 | Lair:4   | Killed Josephine
 16740 | Lair:4   | Found a frozen archway.
 17245 | Lair:5   | Entered Level 5 of the Lair of Beasts
 17245 | Lair:5   | Noticed Snorg
 17245 | Lair:5   | Noticed Kirke
 17245 | Lair:5   | Found a staircase to the Slime Pits.
 17262 | Lair:4   | Killed Snorg
 17267 | Lair:4   | Killed Kirke
 18659 | Lair:5   | Noticed liarliar's ghost (journeyman FoFi)
 18838 | Lair:5   | Found a runed translucent door.
 19197 | Lair:5   | Received a gift from Trog
 19537 | Lair:5   | HP: 6/122 [hell hound (4)]
 19539 | Lair:5   | Slain by a hell hound

Illustrated notes

Levels and vault maps discovered:
D:1:      dpeg_arrival_boxes_within_box, layout_loops_ring,
          dreamdust_princess_corridor
D:2:      layout_basic, minmay_tripent
D:3:      layout_basic, general_overflow_altar, basic_ecumenical_altar,
          minmay_fractal_squares_5
D:4:      layout_basic, nicolae_overflow_hidden_temple, grunt_decor_resistance
D:5:      layout_basic, ebering_ghost_disaster_area, serial_shops,
          nicolae_square_shop, serial_glass, glass_columns_a, glass_columns_a,
          glass_columns_a, glass_columns_a, glass_columns_a, glass_columns_b,
          glass_columns_b, glass_columns_c
D:6:      layout_basic, mainiacjoe_overflow_catwalk, gup_sewer_entry_pipe
D:7:      layout_cave_pools, kennysheep_mini, temple_doors_e, enter_bailey_5,
          hangedman_decor_clover_reticule, minmay_door_square
D:8:      layout_loops_ring, erik_lair_orcish_takeover, nzn_ghost_randoct,
          uniq_joseph
Lair:1:   layout_hall_layers, uniq_urug, uniq_nergalle
Lair:2:   layout_regular_city, nicolae_swamp_entry_splash_gauntlet,
          grunt_megastairs_4
Lair:3:   nzn_motion_control, layout_cave_pods,
          nicolae_spider_entry_non_spiders, infiniplex_staircase_pool,
          uniq_fannar
Lair:4:   layout_cave_shapes, portal_ice_cave_entry_pillars_1,
          nicolae_quartered_pool_medium, infiniplex_staircase_pool_2,
          uniq_josephine
Lair:5:   hangedman_lair_caniforms_friends, layout_cave_shapes,
          minmay_slime_entry_pillars, hellmonk_ghost_happy_afterlife,
          lemuel_fruit_tree, uniq_snorg, uniq_kirke

Skill      XL: |  1  2  3  4  5  6  7  8  9 10 11 12 13 |
---------------+----------------------------------------+-----
Fighting       | 4 5 6 7 8 9 11 12 13 | 13.3
Axes           | 4 6 9 12 | 12.1
Armour         | 3 4 5 6 7 8 9 11 12 13 | 13.1
Long Blades    | 1 2 3 5 7 9 10 | 10.3
Dodging        | 3 4 5 6 7 8 9 11 12 | 12.1
Shields        | 3 4 7 8 9 |  9.4
Evocations     | 2 4 |  4.2

Action                   |  1- 3 |  4- 6 |  7- 9 | 10-12 | 13-15 || total
-------------------------+-------+-------+-------+-------+-------++-------
Melee: Hand axe          |    58 |       |       |       |       ||    58
       Headbutt          |    10 |    15 |    35 |   136 |    79 ||   275
       Punch             |     2 |       |       |       |     1 ||     3
       Long sword        |    18 |    91 |   208 |   513 |   143 ||   973
       Flail             |       |       |       |    20 |    13 ||    33
       Battleaxe         |       |       |       |       |   124 ||   124
Invok: Berserk           |       |       |     2 |     8 |     5 ||    15
  Use: Potion            |     1 |     6 |     4 |     3 |     5 ||    19
       Scroll            |       |     7 |     3 |     3 |     3 ||    16
 Stab: Sleeping          |     1 |       |       |       |       ||     1
Armor: Animal skin       |    30 |    20 |       |       |       ||    50
       Chain mail        |       |    11 |    13 |       |       ||    24
       Plate armour      |       |       |    85 |   232 |   298 ||   615
Dodge: Dodged            |    67 |    63 |   120 |   169 |   185 ||   604
Block: Buckler           |       |       |    61 |   319 |    35 ||   415
       Reflection        |       |       |       |     1 |       ||     1
       Other             |       |       |       |       |    68 ||    68
